 Dungeon Crawl Stone Soup version 0.30-a0-639-g3916f1956a (console) character file.

Game seed: 18438274674179395286

123102 jejorda2 the Impaler (level 16, -1/198 HPs)
             Began as a Merfolk Berserker on Jan 16, 2023.
             Was the Champion of Trog.
             Slain by a naga warrior
             ... wielding a +0 glaive
              (9 damage)
             ... on level 1 of the Snake Pit on Jan 17, 2023.
             The game lasted 01:03:33 (20412 turns).

jejorda2 the Impaler (Merfolk Berserker)           Turns: 20412, Time: 01:03:33

Health: -1/198     AC: 29    Str: 21    XL:     16   Next: 89%
Magic:  16/16      EV: 11    Int: 12    God:    Trog [******]
Gold:   841        SH:  0    Dex: 18    Spells: 15/15 levels left

rFire   + + +      SeeInvis +    a - +11 glaive {spect, Str+2 Dex+6}
rCold   + . .      Faith    .    (shield currently unavailable)
rNeg    + . .      Spirit   .    v - +1 chain mail {rC+}
rPois   .          Reflect  .    Q - +1 hat "Buadd" {rPois Will+}
rElec   .          Harm     .    F - +2 cloak {rCorr}
rCorr   +          Rampage  ∞    i - +2 pair of gloves
Will    ++...                    E - +3 pair of seven-league boots {Rampage+∞} Stlth
                                 o - amulet of regeneration
HPRegen 1.33/turn                Y - ring "Qoipalo" {Fly rF+++ rN+ Str-4 SInv}
MPRegen 0.15/turn                D - +4 ring of protection

@: berserking, lethally poisoned (-1 -> -21), poison vulnerable, flying, slowed
A: (nimble swimmer 2), mertail, antennae 1, clever 1
a: Renounce Religion, Berserk, Trog's Hand, Brothers in Arms


You were on level 1 of the Snake Pit.
You worshipped Trog.
Trog was exalted by your worship.
You visited 3 branches of the dungeon, and saw 21 of its levels.
You also visited: Gauntlet.

You collected 1603 gold pieces.
You spent 762 gold pieces at shops.

Inventory:

Hand Weapons
 a - the +11 glaive of Classification (weapon) {spect, Str+2 Dex+6}
   (You found it on level 3 of the Lair of Beasts)

   Str:       It affects your strength (+2).
   Dex:       It affects your dexterity (+6).
 b - a +2 heavy trident
Missiles
 d - 3 silver boomerangs
 j - 4 javelins
 l - 248 stones
 s - 27 boomerangs (quivered)
 t - 39 poisoned darts
 x - 5 throwing nets
 B - 3 atropa-tipped darts
 P - 4 silver javelins
 S - 5 curare-tipped darts
Armour
 i - a +2 pair of gloves (worn)
 v - a +1 chain mail of cold resistance (worn)
 E - the +3 pair of seven-league boots (worn) {Rampage+∞}
   (You acquired it on level 11 of the Dungeon)

   Rampage+∞: When moving toward enemies, its wearer moves as far as possible.
 F - a +2 cloak of preservation (worn)
 Q - the +1 hat "Buadd" (worn) {rPois Will+}
   (You found it on level 8 of the Dungeon)

   rPois:     It protects you from poison.
   Will:      It increases your willpower.
Jewellery
 f - a ring of protection from fire
 o - an amulet of regeneration (around neck)
 D - a +4 ring of protection (right hand)
 R - a ring of resist corrosion
 Y - the ring "Qoipalo" (left hand) {Fly rF+++ rN+ Str-4 SInv}
   (You acquired it on level 11 of the Dungeon)

   [ring of flight]

   Str:       It affects your strength (-4).
   rF:        It renders you almost immune to fire.
   rN:        It protects you from negative energy.
   SInv:      It lets you see invisible.
   Fly:       It grants you flight.
Wands
 m - a wand of polymorph (28)
 n - a wand of iceblast (6)
 u - a wand of acid (8)
 C - a wand of flame (32)
 H - a wand of mindburst (7)
 M - a wand of digging (12)
Scrolls
 h - 12 scrolls of teleportation
 p - 6 scrolls of magic mapping
 y - 3 scrolls of immolation
 A - a scroll of fear
 I - 3 scrolls of vulnerability
 J - a scroll of enchant weapon
 K - 5 scrolls of fog
 L - 5 scrolls of blinking
 N - 4 scrolls of silence
Potions
 c - 7 potions of curing
 e - 2 potions of ambrosia
 g - 2 potions of resistance
 k - 5 potions of heal wounds
 q - 4 potions of might
 r - 5 potions of attraction
 w - a potion of invisibility
 z - 3 potions of flight
 G - 6 potions of cancellation
 O - 4 potions of mutation
 X - 3 potions of haste


   Skills:
 + Level 13.7 Fighting
 - Level 20.0 Polearms
 + Level 13.4 Throwing
 - Level 12.0 Armour
 - Level 6.0 Dodging
 - Level 6.0 Evocations


You had 15 spell levels left.
You didn't know any spells.
Your spell library was empty.

Dungeon Overview and Level Annotations

Branches:
Dungeon (15/15)            Temple (0/1) D:6            Lair (5/5) D:9
  Swamp (0/4) Lair:3        Snake (1/4) Lair:2        Slime (0/5) Lair:4
    Orc (0/2) D:9          Vaults (0/5) D:14         Depths (0/4) D:15
Gauntlet (visited)

Altars:
Cheibriados
Dithmenos
Elyvilon
Kikubaaqudgha
Nemelex Xobeh
Okawaru
Qazlal
Ru
Sif Muna
Trog
Wu Jian
Zin
The Shining One
Jiyva
Lugonu

Shops:
D:4 [[*:?   D:6 [   Snake:1 =

Portals:
Abyss: Lair:2

Annotations:
D:9 1 runed translucent door, lesbiats's ghost, journeyman TrFi
Snake:1 Kirke


Innate Abilities, Weirdness & Mutations

((You are very nimble when in or above water. (Stealth+, EV+, Speed+++)))
Your lower body shifts to a powerful aquatic tail in water.
You have a pair of small antennae on your head.
Your mind is acute. (Int +4, Str/Dex -1)


Message History

* * * LOW HITPOINT WARNING * * *
You miss the black mamba.
The black mamba is severely wounded.
Your +11 glaive of Classification {spect, Str+2 Dex+6} hits the black mamba from afar!
You feel the power of Trog in you as your rage grows.
You kill the black mamba!
Trog accepts your kill.
You feel sick.
The black mamba bites you but does no damage. x2
The guardian serpent casts a spell at you.
The bolt of poison hits you!!
You are more poisoned.
* * * LOW HITPOINT WARNING * * *
Kirke gestures at you while chanting.
You easily resist.
The black mamba bites you but does no damage.
The black mamba barely misses you.
You slice the manticore!!
The manticore is heavily wounded.
Your +11 glaive of Classification {spect, Str+2 Dex+6} hits the manticore from afar!
You feel very sick. The black mamba bites you.
* * * LOW HITPOINT WARNING * * *
You are more poisoned.
The black mamba poisons you!
The black mamba bites you but does no damage.
The naga warrior hits you from afar with a +0 glaive!
* * * LOW HITPOINT WARNING * * *
Kirke barely misses you. The manticore barely misses you.
The manticore claws you but does no damage.
The manticore claws you.
* * * LOW HITPOINT WARNING * * *
You slice the manticore!!
You kill the manticore!
The manticore's corpse disappears in a puff of smoke!
* * * LOW HITPOINT WARNING * * *
You feel very sick.
The black mamba bites you but does no damage. x2
The naga warrior hits you from afar with a +0 glaive!
You die...

#####. ####..........
#.....# #........##
....## ##.......# #...##
##......###
#...###..........
#.........###....
##.........####...
#SS.#.......# #...
.#@).........# ##..
....S.§@§.........####..
.....N.#####.......##...
....... #.......##..#
....... ##..........#
#...... #...........
#.....# #.###.......
.....# #..# #.......
....##........


You could see Kirke (invisible), a naga warrior, a guardian serpent and 2 black
mambas.

Vanquished Creatures
  Jorgrun (D:15)
  Rupert (Snake:1)
  Aizul (Snake:1)
  A balrug (Gauntlet)
  The ghost of bmack86 the Fighter, a journeyman MiFi of Okawaru (Lair:3)
  A stone giant (D:15)
  A minotaur (Gauntlet)
  Josephine (D:13)
  2 entropy weavers (shapeshifter) (D:14)
  2 hydras
  3 anacondas (Snake:1)
  2 catoblepae
  A merfolk avatar (Lair:5)
  4 boulder beetles
  9 centaur warriors
  6 two-headed ogres
  A death knight (D:13)
  4 death yaks (Lair:4)
  A naga warrior (Snake:1)
  Urug (D:13)
  4 naga sharpshooters (Snake:1)
  2 shock serpents (Snake:1)
  Sonja (Lair:2)
  A sea snake (Lair:5)
  2 deep trolls (D:15)
  A wizard (D:15)
  A naga ritualist (Snake:1)
  A necromancer (D:15)
  An orc knight (D:15)
  Pikel (D:7)
  A harpy (Lair:5)
  An orc sorcerer (D:15)
  2 mana vipers (Snake:1)
  2 wolf spiders (Lair:4)
  10 cyclopes
  7 ugly things
  6 manticores
  16 elephants
  A salamander (Snake:1)
  8 black mambas
  A naga mage (Snake:1)
  2 torpor snails (Lair:5)
  A gargoyle (D:10)
  Maggie (D:8)
  7 cane toads
  A minotaur zombie (Gauntlet)
  10 komodo dragons
  2 efreet
  6 rime drakes
  3 unseen horrors
  A tengu conjurer (D:15)
  3 freezing wraiths (D:13)
  2 trolls (D:12)
  A polar bear (shapeshifter) (D:14)
  A polar bear (Lair:2)
  Prince Ribbit (D:7)
  A hornet (D:9)
  A blink frog (Lair:5)
  A raiju (shapeshifter) (D:8)
  3 snapping turtles (Lair:5)
  A wind drake (Lair:5)
  Grinder (D:4)
  5 dream sheep (Lair:4)
  2 centaur simulacra
  5 slime creatures (D:15)
  A jumping spider (shapeshifter) (D:15)
  5 wyverns
  A water elemental (D:15)
  6 shadows
  6 wraiths
  54 yaks
  3 hogs (Snake:1)
  8 vampire mosquitoes
  A basilisk (Lair:1)
  4 fire bats (Lair:2)
  3 steam dragons
  A death yak simulacrum (Lair:3)
  A neqoxec (D:8)
  Menkaure (D:7)
  2 swamp worms (Gauntlet)
  11 nagas
  A swamp worm (shapeshifter) (D:14)
  3 acid dragons
  6 water moccasins
  A hell hound (Gauntlet)
  A sky beast (D:8)
  2 black bears (D:6)
  A meliai simulacrum (D:15)
  A hydra simulacrum (Lair:3)
  An orc warrior (D:1)
  2 ice beasts (D:9)
  30 wolves
  18 centaurs
  2 ogres
  A phantom (D:4)
  2 kobold brigands (D:7)
  5 bullfrogs
  2 necrophages
  A cane toad simulacrum (Lair:3)
  4 scorpions
  3 wights (D:7)
  10 killer bees
  A rime drake simulacrum (Lair:3)
  3 howler monkeys
  An electric eel (D:10)
  A torpor snail simulacrum (Lair:3)
  A komodo dragon simulacrum (Lair:3)
  6 orc priests
  3 hounds (D:6)
  3 jellies
  6 iguanas
  8 orc wizards
  7 hell rats (Lair:1)
  A polar bear simulacrum (Lair:3)
  Robin (D:2)
  A gnoll (D:6)
  13 adders
  A shadow imp (D:7)
  2 white imps (D:7)
  3 ufetubi
  33 orcs
  10 ball pythons
  8 endoplasms
  4 giant cockroaches
  15 hobgoblins
  5 jackals (D:4)
  2 quokkas
  6 bats
  2 frilled lizards (D:3)
  14 goblins
  21 kobolds
  10 rats
  A lurking horror (Lair:2)
574 creatures vanquished.

Vanquished Creatures (collateral kills)
  The ghost of TheGoodOne the Cleaver, a novice MiBe of Trog (D:8)
  A swamp dragon (shapeshifter) (D:8)
  A meliai (shapeshifter) (D:8)
3 creatures vanquished.

Vanquished Creatures (others)
  4 fungi
  24 plants
  2 withered plants (D:9)
30 creatures vanquished.

Grand Total: 607 creatures vanquished

Notes
Turn   | Place    | Note
-------+----------+-------------------------------------------
     0 | D:1      | jejorda2 the Merfolk Berserker began the quest for the Orb.
     0 | D:1      | Reached XP level 1. HP: 18/18 MP: 1/1
    55 | D:1      | Found a large runed translucent door.
    55 | D:1      | Found a large runed translucent door.
    56 | D:1      | Noticed an orc priest
    56 | D:1      | Noticed an orc warrior
    62 | D:1      | Noticed an orc priest
    62 | D:1      | Noticed an orc wizard
    63 | D:1      | Noticed an orc priest
   219 | D:1      | Reached XP level 2. HP: 24/24 MP: 2/2
   243 | D:1      | Found a faded altar of an unknown god.
  1154 | D:2      | Reached XP level 3. HP: 29/29 MP: 3/3
  1203 | D:2      | Reached ** piety under Trog
  1431 | D:2      | Reached skill level 5 in Polearms
  1926 | D:3      | Noticed Robin
  1941 | D:2      | Killed Robin
  2016 | D:2      | Reached XP level 4. HP: 37/37 MP: 4/4
  2255 | D:3      | Found an ornate altar of the Wu Jian Council.
  2683 | D:3      | Found a bloodstained altar of Trog.
  2719 | D:3      | Reached *** piety under Trog
  2783 | D:3      | Noticed a scorpion
  2786 | D:3      | Killed a scorpion
  2787 | D:3      | Reached skill level 6 in Polearms
  2787 | D:3      | Reached XP level 5. HP: 42/42 MP: 5/5
  3156 | D:4      | Found a glowing golden altar of the Shining One.
  3202 | D:4      | Reached XP level 6. HP: 49/49 MP: 6/6
  3225 | D:4      | Reached skill level 7 in Polearms
  3392 | D:4      | Found a stormy altar of Qazlal.
  3490 | D:4      | Found Jisired's Magic Scroll Shoppe.
  3493 | D:4      | Found Yriy's Book Shop.
  3493 | D:4      | Found Oliacuez's General Store.
  3496 | D:4      | Found Ratoj's Antique Armour Shop.
  3496 | D:4      | Found Iteisad's Armour Shoppe.
  3517 | D:4      | Bought a +2 chain mail of poison resistance for 185 gold
                  | pieces
  3560 | D:4      | Reached skill level 5 in Dodging
  3700 | D:4      | Identified the ring of Huoxohic {Fire Will- Str+8 Int+3
                  | Slay-3}
  3708 | D:4      | Noticed Grinder
  3727 | D:4      | Killed Grinder
  3728 | D:4      | Reached skill level 5 in Fighting
  3728 | D:4      | Reached skill level 8 in Polearms
  3728 | D:4      | Reached XP level 7. HP: 56/56 MP: 7/7
  4055 | D:4      | Found a snail-covered altar of Cheibriados.
  4191 | D:5      | Entered Level 5 of the Dungeon
  4838 | D:5      | Reached skill level 9 in Polearms
  4838 | D:5      | Reached XP level 8. HP: 64/64 MP: 8/8
  5118 | D:6      | Reached skill level 10 in Polearms
  5150 | D:6      | Found a sacrificial altar of Ru.
  5266 | D:6      | Found an iron altar of Okawaru.
  5307 | D:6      | Reached skill level 11 in Polearms
  5493 | D:6      | Found a glowing silver altar of Zin.
  5553 | D:6      | Reached skill level 12 in Polearms
  5756 | D:6      | Reached XP level 9. HP: 69/69 MP: 9/9
  5762 | D:6      | Reached skill level 13 in Polearms
  5914 | D:6      | Found Gijic's Armour Shoppe.
  6101 | D:6      | Found a staircase to the Ecumenical Temple.
  6162 | D:7      | Noticed Prince Ribbit
  6178 | D:7      | Noticed Menkaure
  6192 | D:7      | Killed Menkaure
  6207 | D:7      | Killed Prince Ribbit
  6208 | D:7      | Reached skill level 14 in Polearms
  6217 | D:7      | Reached **** piety under Trog
  6355 | D:7      | Found a sparkling altar of Nemelex Xobeh.
  6392 | D:7      | Reached skill level 15 in Polearms
  6403 | D:7      | Noticed Pikel
  6419 | D:7      | Killed Pikel
  6554 | D:7      | Reached skill level 16 in Polearms
  6554 | D:7      | Reached XP level 10. HP: 45/76 MP: 10/10
  6672 | D:7      | Found a shimmering blue altar of Sif Muna.
  7003 | D:8      | Found a shadowy altar of Dithmenos.
  7051 | D:8      | Reached skill level 17 in Polearms
  7091 | D:8      | Noticed Maggie
  7122 | D:8      | Killed Maggie
  7539 | D:8      | You fall into a shaft and drop 3 floors!
  7610 | D:10     | Entered Level 10 of the Dungeon
  7642 | D:10     | Noticed a gargoyle
  7664 | D:10     | Killed a gargoyle
  7665 | D:10     | Reached skill level 18 in Polearms
  7699 | D:10     | Found a white marble altar of Elyvilon.
  7859 | D:9      | Noticed an unseen horror
  8042 | D:10     | Reached XP level 11. HP: 84/84 MP: 11/11
  8299 | D:10     | Noticed a centaur warrior
  8314 | D:10     | Killed a centaur warrior
  8481 | D:9      | Noticed a two-headed ogre
  8498 | D:9      | Killed a two-headed ogre
  8623 | D:9      | Reached skill level 19 in Polearms
  8647 | D:9      | Noticed a two-headed ogre
  8665 | D:9      | Killed a two-headed ogre
  8719 | D:9      | Found a runed translucent door.
  8719 | D:9      | Noticed lesbiats's ghost (journeyman TrFi)
  8807 | D:9      | Found a staircase to the Lair.
  8874 | D:9      | Noticed a manticore
  8886 | D:9      | Killed a manticore
  8905 | D:9      | Reached skill level 5 in Armour
  9006 | D:9      | Found a staircase to the Orcish Mines.
  9223 | D:8      | Found a runed translucent gate.
  9224 | D:8      | Found a runed translucent gate.
  9224 | D:8      | Found a runed translucent gate.
  9225 | D:8      | Noticed a brown ugly thing
  9225 | D:8      | Noticed a green ugly thing
  9225 | D:8      | Noticed a cyan ugly thing
  9226 | D:8      | Noticed a red ugly thing
  9251 | D:8      | Killed a cyan ugly thing
  9257 | D:8      | Killed a purple ugly thing
  9261 | D:8      | Killed a brown ugly thing
  9262 | D:8      | Reached XP level 12. HP: 96/96 MP: 12/12
  9327 | D:8      | Found a runed translucent gate.
  9327 | D:8      | Found a runed translucent gate.
  9328 | D:8      | Noticed a two-headed ogre
  9331 | D:8      | Noticed TheGoodOne's ghost (novice MiBe)
  9333 | D:8      | Found a runed translucent gate.
  9364 | D:8      | Killed TheGoodOne's ghost
  9367 | D:8      | Reached skill level 10 in Fighting
  9380 | D:8      | Identified the +1 hat "Buadd" {rPois Will+}
  9429 | D:8      | Gained mutation: Armour fits poorly on your strangely
                  | shaped body. [mutagenic glow]
  9439 | D:8      | Lost mutation: Armour fits poorly on your strangely shaped
                  | body. [potion of mutation]
  9439 | D:8      | Gained mutation: You are robust. (+10% HP) [potion of
                  | mutation]
  9439 | D:8      | Gained mutation: Your natural rate of healing is unusually
                  | fast. [potion of mutation]
  9439 | D:8      | Gained mutation: You have hidden genetic defects. [potion
                  | of mutation]
  9440 | D:8      | Lost mutation: You are robust. (+10% HP) [potion of
                  | mutation]
  9440 | D:8      | Lost mutation: Your natural rate of healing is unusually
                  | fast. [potion of mutation]
  9440 | D:8      | Lost mutation: You have hidden genetic defects. [potion of
                  | mutation]
  9440 | D:8      | Gained mutation: Your mind is acute. (Int +4, Str/Dex -1)
                  | [potion of mutation]
  9440 | D:8      | Gained mutation: You have a pair of small antennae on your
                  | head. [potion of mutation]
 10069 | D:4      | Bought a scroll of blinking for 97 gold pieces
 10074 | D:4      | Bought a runed chain mail for 240 gold pieces
 10187 | Lair:1   | Entered Level 1 of the Lair of Beasts
 10453 | Lair:1   | Reached skill level 20 in Polearms
 10569 | Lair:1   | Reached skill level 1 in Evocations
 11257 | Lair:2   | Noticed Sonja
 11268 | Lair:2   | Killed Sonja
 11359 | Lair:2   | Reached skill level 5 in Evocations
 11368 | Lair:2   | Identified the +10 war axe of Valour {holy, MP+9 Str+3
                  | Dex-5 SInv}
 11458 | Lair:2   | Reached XP level 13. HP: 97/108 MP: 13/13
 11721 | Lair:2   | Found a staircase to the Snake Pit.
 11980 | Lair:2   | Found a corrupted altar of Lugonu.
 12023 | Lair:2   | Found a one-way gate to the infinite horrors of the Abyss.
 12400 | D:4      | Bought a pair of runed boots for 240 gold pieces
 12588 | Lair:3   | Reached skill level 1 in Throwing
 12620 | Lair:3   | Found a runed translucent gate.
 12620 | Lair:3   | Found a runed translucent gate.
 12621 | Lair:3   | Found a runed translucent gate.
 12901 | Lair:3   | Identified the +11 glaive of Classification {spect, Str+2
                  | Dex+6}
 12961 | Lair:3   | Found a staircase to the Swamp.
 13051 | Lair:3   | Noticed bmack86's ghost (journeyman MiFi)
 13422 | Lair:3   | Killed bmack86's ghost
 13423 | Lair:3   | Reached skill level 5 in Throwing
 13567 | Lair:4   | Identified the +0 falchion of the Shifting Hawk {pain,
                  | +Blink Int+3 Stlth+}
 13775 | Lair:4   | Found a viscous altar of Jiyva.
 13775 | Lair:4   | Found a staircase to the Slime Pits.
 13911 | Lair:4   | Reached ***** piety under Trog
 14252 | Lair:4   | You are sucked into a shaft and drop 1 floor!
 14252 | Lair:5   | Entered Level 5 of the Lair of Beasts
 14352 | Lair:5   | Reached XP level 14. HP: 87/115 MP: 14/14
 14727 | Lair:5   | Reached skill level 10 in Throwing
 16250 | D:11     | Identified the +2 hand axe "Jochig" {heavy, Int+5}
 16385 | D:11     | Identified 2 scrolls of acquirement
 16385 | D:11     | Acquired the ring "Qoipalo" {Fly rF+++ rN+ Str-4 SInv}
 16387 | D:11     | Acquired the +3 pair of seven-league boots {Rampage+∞}
 16387 | D:11     | Found the +3 pair of seven-league boots {Rampage+∞}
 16627 | D:12     | Identified the +7 glaive of Sunlight {heavy, Fly Str+4}
                  | (Trog gifted it to you on level 12 of the Dungeon)
 16627 | D:12     | Received a gift from Trog
 17015 | D:13     | Found a gate leading to a gauntlet.
 17031 | Gauntlet | Entered a Gauntlet
 17031 | Gauntlet | Found a transporter.
 17031 | Gauntlet | Found a transporter.
 17043 | Gauntlet | Found a transporter.
 17058 | Gauntlet | Found a transporter.
 17076 | Gauntlet | Found a transporter.
 17076 | Gauntlet | Found a transporter.
 17079 | Gauntlet | Found a transporter.
 17079 | Gauntlet | Found a transporter.
 17079 | Gauntlet | Found a transporter.
 17081 | Gauntlet | Noticed a balrug
 17090 | Gauntlet | Found the +1 Delatra's gloves {ID++}
 17102 | Gauntlet | Found a transporter.
 17107 | Gauntlet | Noticed a cacodemon
 17108 | Gauntlet | Found a runed translucent gate.
 17109 | Gauntlet | Found a transporter.
 17109 | Gauntlet | Found a runed translucent gate.
 17110 | Gauntlet | Found a runed translucent gate.
 17119 | Gauntlet | Found a transporter.
 17134 | Gauntlet | Found a transporter.
 17154 | Gauntlet | Found a transporter.
 17309 | Gauntlet | Killed a balrug
 17410 | D:13     | Reached skill level 10 in Armour
 17410 | D:13     | Reached XP level 15. HP: 120/120 MP: 15/15
 17472 | D:13     | Noticed Josephine
 17484 | D:13     | Killed Josephine
 17496 | D:13     | Reached XP level 16. HP: 75/127 MP: 16/16
 17691 | D:13     | Noticed Urug
 17694 | D:13     | Killed Urug
 18397 | D:14     | Found a gate to the Vaults.
 18662 | D:15     | Entered Level 15 of the Dungeon
 18663 | D:15     | Noticed Jorgrun
 18665 | D:15     | Received a gift from Trog
 19167 | D:15     | Killed Jorgrun
 19167 | D:15     | Reached ****** piety under Trog
 19266 | D:15     | Found a staircase to the Depths.
 19286 | D:15     | Found an ancient bone altar of Kikubaaqudgha.
 19713 | Snake:1  | Entered Level 1 of the Snake Pit
 19898 | Snake:1  | Noticed Rupert
 19906 | Snake:1  | Killed Rupert
 19949 | Snake:1  | Noticed Aizul
 19977 | Snake:1  | Killed Aizul
 20233 | Snake:1  | Found Jaleira's Jewellery Emporium.
 20391 | Snake:1  | Noticed Kirke
 20412 | Snake:1  | HP: 8/198 [poisoned by a black mamba]
 20412 | Snake:1  | Slain by a naga warrior

Illustrated notes

Levels and vault maps discovered:
D:1:      erik_arrival_cave_to_civilisation [erik_arrival_cave_to_temple],
          layout_basic, basic_ecumenical_altar
D:2:      layout_basic
D:3:      layout_basic, mainiacjoe_overflow_24_doors, trog_hazing_becter,
          hangedman_glass_teeth, uniq_robin
D:4:      layout_basic, old_standard_altar, mainiacjoe_overflow_cross_hatched,
          marbit_many_paths, serial_curves, eino_curves_04, eino_curves_03,
          hangedman_abyss_or_decor_passed, nicolae_wooded_promenade,
          chequers_serial_rivers_small_b, nicolae_nh_ransacked_shop,
          uniq_grinder
D:5:      layout_basic, kennysheep_generic_room_14
D:6:      minmay_octagon_keep, layout_basic, okawaru_ov_weapons_minmay,
          nicolae_ru_awakened_eye, kennysheep_mini_moat,
          minmay_temple_entry_poolview, serial_shops, shop, due_unseen_surprise
D:7:      layout_rooms, nicolae_overflow_crystal_walls,
          nemelex_diamond_rough_becter, uniq_prince_ribbit1, uniq_menkaure,
          uniq_pikel
D:8:      layout_loops_ring, nicolae_dithmenos_shadow_blocks,
          ploomutoo_gammafunk_ghost_potion_laboratory, corexii_leaking_fountain,
          uniq_maggie
D:9:      layout_small_grid, hellmonk_lair_entry_icy, orc_0_dummy,
          gammafunk_ghost_grave, hangedman_decor_push
D:10:     layout_basic, kennysheep_mini, minmay_misc_feat_hallway,
          minmay_checkerbox
D:11:     layout_roguey, minmay_misc_feat_enclosed, serial_park_tiny_pond
D:12:     layout_roguey, kennysheep_generic_room_4
D:13:     layout_basic, gauntlet_entry_generic, uniq_josephine, uniq_urug
D:14:     layout_roguey, david_vaults_2, serial_aquarium, aquarium_bridge_square
          [aquarium_subvault_bridge, aquarium_subvault_wall,
          aquarium_subvault_window, aquarium_subvault_bridge],
          aquarium_window_fake, aquarium_window_fake, aquarium_view_2e,
          aquarium_balcony_1a
D:15:     hangedman_depths_entry_civil_slaughter, layout_irregular_city,
          basic_altar, minmay_crystal_water, nicolae_eternal_life,
          wad_rectangle_vault, uniq_jorgrun
Lair:1:   layout_loops_ring, grunt_megastairs_3, serial_bayou_shore_b
Lair:2:   layout_gridlike, nicolae_snake_entry_squirm,
          amcnicky_altar_lugonu_corruption, lemuel_fruit_fields,
          grunt_megastairs_1, uniq_sonja
Lair:3:   layout_long_grid, swamp_mist, gammafunk_ghost_icy, st_stairs_6,
          grunt_megastairs_2, infiniplex_staircase_pool_2, serial_bayou_shore_a
Lair:4:   layout_cave_pods, slime_entry_1, nicolae_lair_run_with_the_wolves
Lair:5:   gammafunk_lair_ancient_temple, layout_cave_pods,
          infiniplex_staircase_pool
Snake:1:  layout_layer_cave, minmay_shop_enchanted_jewellery, uniq_kirke,
          uniq_aizul, uniq_rupert

Skill      XL: |  1  2  3  4  5  6  7  8  9 10 11 12 13 14 15 16 |
---------------+-------------------------------------------------+-----
Dodging        | 3 4 5 6 |  6.0
Polearms       | 5 6 8 9 12 16 18 19 20 | 20.0
Fighting       | 4 5 6 7 9 12 13 | 13.7
Armour         | 3 5 6 7 10 12 | 12.0
Evocations     | 5 6 |  6.0
Throwing       | 8 12 13 | 13.4

Action                   |  1- 3 |  4- 6 |  7- 9 | 10-12 | 13-15 | 16-18 || total
-------------------------+-------+-------+-------+-------+-------+-------++-------
Melee: Spear             |   109 |   287 |   288 |       |       |       ||   684
       Punch             |     1 |     2 |     7 |    20 |     3 |       ||    33
       Tailslap          |       |     1 |       |       |       |       ||     1
       Trident           |       |       |   132 |   954 |   133 |    14 ||  1233
       Glaive            |       |       |       |       |   293 |   214 ||   507
Throw: Stone             |       |       |     5 |     8 |     5 |       ||    18
       Throwing net      |       |       |       |     1 |       |       ||     1
       Dart              |       |       |       |     1 |       |       ||     1
       Boomerang         |       |       |       |       |     5 |     4 ||     9
Invok: Berserk           |     2 |     3 |     7 |    10 |     3 |     1 ||    26
       Trog's Hand       |       |     1 |     2 |     5 |       |     1 ||     9
       Brothers in Arms  |       |       |       |     2 |     1 |       ||     3
Evoke: Wand              |       |       |       |     5 |     1 |       ||     6
  Use: Scroll            |       |       |     8 |     3 |    17 |     1 ||    29
       Potion            |       |       |       |     2 |     1 |       ||     3
 Stab: Sleeping          |     5 |       |       |       |       |       ||     5
       Distracted        |     1 |       |       |       |    11 |     3 ||    15
       Held in net/web   |       |       |       |     2 |       |       ||     2
Armor: Animal skin       |    14 |     8 |       |       |       |       ||    22
       Chain mail        |       |    70 |   110 |   288 |   146 |   151 ||   765
       Ring mail         |       |     3 |       |       |       |       ||     3
       Skin              |       |     2 |       |       |       |       ||     2
Dodge: Dodged            |    68 |   171 |   181 |   415 |   185 |    80 ||  1100

Table legend: (Time is in decaauts)
 A = Elapsed time spent in this place.
 B = Non-inter-level travel time spent in this place.
 C = Inter-level travel time spent in this place.
 D = Time resting spent in this place.
 E = Time spent auto-exploring this place.
 F = Levels seen in this place.
 G = Mean time per level.
                   A        B        C        D        E       F      G
               +--------+--------+--------+--------+--------+-----+--------+
         Total |  19736 |  17800 |   1936 |   1134 |  12871 |  22 |  897.1 |
       Dungeon |  13649 |  12200 |   1449 |    920 |   8684 |  15 |  909.9 |
          Lair |   5046 |   4567 |    479 |    129 |   3552 |   5 | 1009.2 |
     Snake Pit |    674 |    667 |      7 |     84 |    457 |   1 |  674.0 |
      Gauntlet |    365 |    365 |      0 |      0 |    178 |   1 |  365.0 |
               +--------+--------+--------+--------+--------+-----+--------+

Top non-repeatable levels by time:
     D:4: 1318 daAuts
     D:1: 1312 daAuts
     D:6: 1154 daAuts
     D:8: 1150 daAuts
  Lair:2: 1150 daAuts
     D:2: 1086 daAuts
  Lair:1: 1061 daAuts
  Lair:4: 1015 daAuts
     D:5: 988 daAuts
  Lair:3: 987 daAuts
    D:10: 877 daAuts
     D:3: 868 daAuts
  Lair:5: 832 daAuts
     D:9: 820 daAuts
    D:15: 795 daAuts
